 Dungeon Crawl Stone Soup version 0.22.1-1-ga44c0e56f4 (webtiles) character file.

999 LLavrengius the Purveyor of Pain (level 8, -11/64 HPs)
             Began as a Mummy Necromancer on Oct 30, 2018.
             Was an Initiate of Kikubaaqudgha.
             Mangled by an orc warrior
             ... wielding a +0 dire flail
              (20 damage)
             ... on level 6 of the Dungeon.
             The game lasted 00:22:04 (6724 turns).

LLavrengius the Purveyor of Pain (MuNe)             Turns: 6724, Time: 00:22:04

Health: -11/64     AC:  2    Str: 13    XL:     8   Next: 0%
Magic:  18/21      EV: 12    Int: 15    God:    Kikubaaqudgha [......]
Gold:   232        SH:  0    Dex: 17    Spells: 4/13 levels left

rFire    x . .     SeeInvis .   n - +1 trident (venom)
rCold    + . .     Gourm    .   (no shield)
rNeg     + + +     Faith    .   q - +0 robe of Jasiar {Regen+ Dex+5}
rPois    ∞         Spirit   .   (no helmet)
rElec    .         Reflect  .   (no cloak)
rCorr    .         Harm     .   (no gloves)
MR       +....                  (no boots)
Stlth    ++........             (no amulet)
HPRegen  0.60/turn              g - ring of magical power
MPRegen  0.17/turn              (no ring)

@: slowed, very slow
A: no food or potions, fire vulnerability, cold resistance 1, negative energy
resistance 3, torment resistance, unbreathing
a: Renounce Religion


You were on level 6 of the Dungeon.
You worshipped Kikubaaqudgha.
Kikubaaqudgha was noncommittal.
You were not hungry.

You visited 1 branch of the dungeon, and saw 6 of its levels.

You collected 232 gold pieces.

Inventory:

Hand Weapons
 l - a +0 hunting sling
 m - a +2 falchion of pain
 n - a +1 trident of venom (weapon)
 p - a cursed +0 war axe
Missiles
 b - 179 stones
 c - 40 sling bullets
 d - 3 tomahawks of dispersal
 f - 2 tomahawks (quivered)
Armour
 j - a +0 large shield
 q - the +0 robe of Jasiar (worn) {Regen+ Dex+5}
   (You found it on level 5 of the Dungeon)

   It affects your dexterity (+5).
   It increases your rate of regeneration.
Jewellery
 g - a ring of magical power (left hand)
Scrolls
 a - a scroll of amnesia {unknown}
 e - 4 scrolls of remove curse {unknown}
 h - a scroll of fear {unknown}
 i - 2 scrolls of enchant armour {unknown}
 k - 4 scrolls of identify {unknown}
 o - 3 scrolls of teleportation {unknown}


   Skills:
 + Level 5.9 Fighting
 - Level 1.5 Dodging
 - Level 1.5 Stealth
 - Level 3.0 Spellcasting
 + Level 7.9 Necromancy


You had 4 spell levels left.
You knew the following spells:

 Your Spells              Type           Power        Failure   Level  Hunger
a - Pain                  Necr           ####         1%          1    N/A
b - Animate Skeleton      Necr           N/A          1%          1    N/A
c - Vampiric Draining     Necr           ####......   2%          3    N/A
d - Animate Dead          Necr           N/A          8%          4    N/A

Your spell library contained the following spells:

 Spells                   Type           Power        Failure   Level  Hunger
 Regeneration             Chrm/Necr      Unusable     N/A         3    N/A

Dungeon Overview and Level Annotations

Branches:
Dungeon (6/15)             Temple (0/1) D:6

Altars:
Dithmenos
Fedhas
Kikubaaqudgha
Nemelex Xobeh
Xom


Innate Abilities, Weirdness & Mutations

You do not eat or drink.
Your flesh is vulnerable to fire.
You are immune to poison.
Your flesh is cold resistant. (rC+)
You are immune to negative energy. (rN+++)
You are immune to unholy pain and torment.
You can survive without breathing.


Message History

The orc wizard mumbles some strange words.
The orc wizard blinks!
The orc wizard gestures at you while chanting.
The magic dart hits you!
* * * LOW HITPOINT WARNING * * *
The orc wizard gestures wildly while chanting.
The orc wizard blinks!
The orc warrior hits you with a dire flail.
* * * LOW HITPOINT WARNING * * *
The ogre closely misses you.
Casting: Animate Dead (safe; 8% risk of failure)
Confirm with . or Enter, or press ? or * to list all spells.
Aiming: Vampiric Draining (safe; 2% risk of failure)
Press: ? - help, Shift-Dir - straight line, f - orc warrior, p - orc wizard
Aim: an orc warrior, wielding a dire flail and wearing a chain mail The orc warrior is moderately wounded.
You feel life coursing into your body.
The orc warrior hits you with a dire flail!!
You die...
Kikubaaqudgha rasps: "You have failed me!
Welcome... oblivion!"

..# #...## #.......###..(.. ..#
.....###8.>.8..##...... ...#
..........o...........). ....#
##..###....#.8.#........(.
.....###... ##.......#...####...
..........# ##.......#...## ###.
......# ##............# ##
......###.....oO.....## #
#...#.....@###....#
#.........#####...#
##................#
#................# .##
##................# #
...####.................### ##
......#..###..............######.
.........# ##................#...
##.!....## #.........##........


You could see an orc warrior, an ogre and an orc wizard.

Vanquished Creatures
  2 ogres (D:5)
  A centaur (D:6)
  A scorpion (D:6)
  2 crimson imps
  A bullfrog zombie (D:5)
  4 hounds
  An orc priest (D:3)
  A jelly (D:6)
  4 orc wizards
  Natasha (thrice) (D:2)
  A worker ant zombie (D:5)
  7 gnolls
  5 adders
  3 oozes
  A worm (D:4)
  3 dart slugs (D:1)
  4 leopard geckos
  15 orcs
  2 ball pythons
  9 giant cockroaches
  4 goblins
  4 hobgoblins
  9 kobolds
  2 quokkas
  3 bats
  3 frilled lizards
  5 rats
100 creatures vanquished.

Notes
Turn   | Place    | Note
-------+----------+-------------------------------------------
     0 | D:1      | LLavrengius the Mummy Necromancer began the quest for the
                  | Orb.
     0 | D:1      | Reached XP level 1. HP: 13/13 MP: 4/4
   210 | D:1      | Reached XP level 2. HP: 10/19 MP: 2/5
   438 | D:1      | Learned a level 1 spell: Animate Skeleton
  1295 | D:2      | Reached XP level 3. HP: 24/24 MP: 7/7
  1365 | D:2      | Found a sparkling altar of Nemelex Xobeh.
  1395 | D:2      | Reached skill level 5 in Necromancy
  1400 | D:2      | Learned a level 3 spell: Vampiric Draining
  1441 | D:2      | Reached skill level 1 in Fighting
  1444 | D:2      | Reached XP level 4. HP: 15/32 MP: 7/8
  2336 | D:2      | Noticed Natasha
  2344 | D:2      | Killed Natasha
  2344 | D:2      | Reached XP level 5. HP: 33/38 MP: 9/9
  2414 | D:2      | Noticed Natasha
  2421 | D:2      | Killed Natasha
  2443 | D:2      | Noticed Natasha
  2451 | D:2      | Killed Natasha
  2876 | D:3      | Reached skill level 6 in Necromancy
  3262 | D:3      | Reached XP level 6. HP: 37/47 MP: 10/10
  3967 | D:3      | Learned a level 4 spell: Animate Dead
  4040 | D:4      | Found a blossoming altar of Fedhas.
  4716 | D:5      | Entered Level 5 of the Dungeon
  4716 | D:5      | Found a shimmering altar of Xom.
  5088 | D:5      | Reached XP level 7. HP: 28/55 MP: 4/11
  5251 | D:5      | Found a shimmering altar of Xom.
  5251 | D:5      | Found a shimmering altar of Xom.
  5251 | D:5      | Found a shimmering altar of Xom.
  5252 | D:5      | Found a shimmering altar of Xom.
  5252 | D:5      | Found a shimmering altar of Xom.
  5252 | D:5      | Found a shimmering altar of Xom.
  5252 | D:5      | Found a shimmering altar of Xom.
  5253 | D:5      | Found a shimmering altar of Xom.
  5273 | D:5      | Reached skill level 7 in Necromancy
  5562 | D:5      | Found a shimmering altar of Xom.
  5664 | D:5      | Got a slimy robe
  5675 | D:5      | Identified the +0 robe of Jasiar {Regen+ Dex+5} (You found
                  | it on level 5 of the Dungeon)
  5797 | D:5      | Found an ancient bone altar of Kikubaaqudgha.
  5798 | D:5      | Found a shadowy altar of Dithmenos.
  5806 | D:5      | Reached skill level 5 in Fighting
  5815 | D:5      | Became a worshipper of Kikubaaqudgha
  6403 | D:6      | Found a staircase to the Ecumenical Temple.
  6622 | D:6      | Reached XP level 8. HP: 61/64 MP: 12/12
  6722 | D:6      | HP: 3/64 [orc warrior/dire flail (5)]
  6724 | D:6      | Mangled by an orc warrior

Skill      XL: |  1  2  3  4  5  6  7 |
---------------+----------------------+-----
Spellcasting   | 3 |  3.0
Necromancy     | 5 6 7 |  7.9
Fighting       | 1 2 3 4 5 |  5.9
Dodging        | |  1.5
Stealth        | |  1.5

Action                   |  1- 3 |  4- 6 |  7- 9 || total
-------------------------+-------+-------+-------++-------
Melee: Unarmed           |     4 |       |       ||     4
       Dagger            |    25 |    10 |       ||    35
       Trident           |       |    94 |    79 ||   173
Throw: Stone             |       |     2 |       ||     2
       Tomahawk          |       |     4 |     1 ||     5
 Cast: Pain              |    51 |    82 |    15 ||   148
       Animate Skeleton  |     1 |       |       ||     1
       Vampiric Draining |       |    11 |     5 ||    16
       Animate Dead      |       |     1 |     4 ||     5
 Stab: Sleeping          |     1 |     2 |     2 ||     5
Armor: Robe              |     5 |    22 |    12 ||    39
Dodge: Dodged            |    24 |    86 |    53 ||   163
